Map: Oxide LE

Players

Epic

  • Race: Terran Terran
  • League: Grandmaster
  • Spawn Location: 1:00

Astrea - Winner!

  • Race: Protoss Protoss
  • League: Master
  • Spawn Location: 7:00

Event: DreamHack SC2 Masters 2020 Winter

VOD

Have the link to the VOD?

Description

Time

  • Played on: Oct. 30, 2020, 5:03 p.m.
  • Length: 9:01

All games in this series

Show
View Real Time Build Order
Export as new Build Order

Epic Terran 

Build Orders: Reaper Expand 

Get SALT Encoding   

  12  0:00  SCV  
  13  0:12  SCV  
  14  0:17  Supply Depot  
  14  0:24  SCV  
  15  0:38  SCV  
  15  0:40  Barracks  
  16  0:45  Refinery  
  16  0:51  SCV  
  17  1:03  SCV  
  18  1:15  SCV  
  19  1:27  Orbital Command  
  19  1:29  Reaper  
  20  1:41  Command Center  
  20  1:51  Supply Depot  
  20  1:53  SCV  
  21  2:01  Marine  
  21  2:05  Factory  
  22  2:09  SCV  
  23  2:17  Refinery  
  23  2:21  SCV  
  24  2:23  Barracks Reactor  
  24  2:33  SCV  
  25  2:45  SCV  
  28  2:53  Starport  
  28  2:54  Orbital Command  
  28  2:58  SCV  
  29  3:01  Factory Tech Lab  
  29  3:02  Marine x2  
  29  3:10  SCV  
  30  3:20  SCV  
  30  3:21  Cyclone, Marine  
  30  3:22  Marine, SCV  
  37  3:28  Supply Depot  
  37  3:29  Viking  
  37  3:32  SCV  
  41  3:34  SCV  
  41  3:44  SCV  
  41  3:46  SCV  
  43  3:55  Command Center  
  43  3:56  SCV  
  43  3:58  Cyclone, SCV  
  43  4:02  Supply Depot  
  48  4:06  Marine x2  
  50  4:10  SCV x2  
  52  4:19  Barracks  
  52  4:20  Barracks  
  52  4:24  SCV x2, Supply Depot  
  54  4:27  Marine x2  
  55  4:33  Siege Tank  
  55  4:36  SCV x2  
  60  4:42  Engineering Bay  
  60  4:43  Engineering Bay  
  60  4:48  SCV x2  
  60  4:49  Supply Depot  
  62  4:55  Marine x2  
  62  4:57  Starport Tech Lab  
  64  5:00  SCV x2  
  64  5:03  Refinery  
  64  5:05  Siege Tank  
  64  5:06  Refinery  
  69  5:11  Orbital Command  
  69  5:13  SCV  
  69  5:14  SCV  
  69  5:20  Missile Turret  
  70  5:21  Barracks Tech Lab  
  70  5:24  Terran Infantry Armor Level 1, Terran Infantry Weapons Level 1  
  70  5:29  SCV x2  
  70  5:33  Stimpack  
  72  5:39  Starport Reactor  
  71  5:44  SCV x2  
  71  5:45  Orbital Command  
  71  5:47  Barracks  
  71  5:49  Barracks  
  73  5:50  Siege Tank  
  73  5:56  SCV x2, Supply Depot  
  78  5:59  Marauder, Missile Turret  
  78  6:04  Marine x2, Marauder  
  78  6:08  SCV x2  
  84  6:12  SCV  
  84  6:16  Medivac x2  
  89  6:21  SCV x2  
  89  6:22  Marauder, Marine  
  89  6:23  Marine  
  89  6:24  SCV  
  96  6:26  Marauder  
  96  6:28  Supply Depot  
  96  6:31  Supply Depot  
  96  6:32  Supply Depot, Factory Tech Lab  
  97  6:38  SCV x3  
  97  6:40  Missile Turret  
  97  6:46  Barracks Tech Lab, Barracks Reactor  
  95  6:49  Medivac  
  95  6:50  Medivac  
  95  6:53  SCV x3  
  102  7:00  Marine x2, Marauder x2  
  108  7:02  Siege Tank  
  108  7:06  Supply Depot  
  108  7:07  Supply Depot  
  108  7:08  SCV x3  
  116  7:15  Marauder  
  116  7:16  Combat Shield  
  116  7:17  Concussive Shells  
  116  7:21  SCV x3, Refinery  
  116  7:22  Marine x2, Refinery  
  119  7:23  Marine x2  
  119  7:27  Marauder  
  125  7:30  Medivac  
  125  7:35  SCV  
  125  7:36  SCV x2  
  125  7:37  Bunker  
  129  7:38  Supply Depot  
  129  7:43  Siege Tank  
  129  7:44  Marine x4  
  132  7:45  Marauder  
  132  7:46  Marauder  
  139  7:54  Supply Depot x2, Marine  
  139  7:55  Supply Depot  
  139  7:57  Viking  
  141  8:00  Viking  
  141  8:04  SCV x3  
  146  8:07  Supply Depot  
  146  8:08  Marine, Marauder  
  145  8:16  Marauder, Marine  
  145  8:17  Marine x2  
  145  8:18  Siege Tank  
  145  8:19  Marauder  
  152  8:33  Marine, Marauder  
  132  8:34  Marine  
  132  8:37  Marauder  
Show
View Real Time Build Order
Export as new Build Order

Astrea Protoss - Winner!

Build Orders: 1 Gate Expand, Phoenix Opening, Zealot Archon, Colossus Rush 

Get SALT Encoding   

  12  0:00  Probe  
  13  0:12  Probe  
  14  0:16  Pylon  
  14  0:24  Probe (Chrono Boost)  
  16  0:35  Gateway  
  16  0:36  Probe (Chrono Boost)  
  16  0:42  Probe (Chrono Boost)  
  16  0:44  Assimilator  
  17  0:51  Probe  
  18  1:03  Probe  
  19  1:15  Probe  
  20  1:21  Nexus  
  20  1:30  Cybernetics Core  
  20  1:34  Probe  
  20  1:39  Assimilator  
  21  1:46  Probe  
  22  1:48  Pylon  
  22  1:57  Adept  
  22  1:58  Probe (Chrono Boost)  
  25  2:10  Probe (Chrono Boost)  
  26  2:15  Stargate  
  26  2:17  Probe (Chrono Boost)  
  27  2:24  Warp Gate  
  27  2:25  Probe (Chrono Boost)  
  28  2:32  Adept  
  28  2:34  Probe (Chrono Boost)  
  32  2:43  Probe (Chrono Boost)  
  33  2:44  Probe (Chrono Boost)  
  33  2:49  Probe x2 (Chrono Boost)  
  35  3:00  Phoenix, Probe  
  35  3:01  Probe  
  39  3:12  Probe  
  40  3:13  Pylon, Probe  
  41  3:20  Gateway  
  41  3:24  Probe (Chrono Boost)  
  41  3:25  Phoenix  
  45  3:31  Robotics Facility, Probe (Chrono Boost)  
  46  3:34  Probe (Chrono Boost)  
  46  3:38  Probe (Chrono Boost)  
  46  3:39  Assimilator, Probe (Chrono Boost)  
  48  3:49  Probe  
  48  3:50  Phoenix  
  48  3:51  Probe  
  48  3:52  Pylon  
  48  3:54  Assimilator  
  52  4:01  Probe  
  53  4:03  Probe  
  53  4:04  Pylon  
  54  4:13  Probe  
  54  4:15  Probe  
  56  4:25  Probe  
  56  4:27  Robotics Bay  
  57  4:32  Phoenix  
  57  4:33  Observer  
  57  4:35  Adept  
  57  4:37  Adept  
  64  4:39  Nexus  
  64  4:43  Pylon  
  64  4:44  Pylon  
  64  4:45  Probe  
  64  4:46  Probe  
  66  4:57  Phoenix  
  66  4:58  Probe x2  
  70  5:02  Pylon, Observer (Chrono Boost)  
  70  5:04  Sentry  
  73  5:07  Pylon  
  73  5:10  Forge, Probe x2  
  75  5:16  Colossus (Chrono Boost)  
  81  5:22  Probe x2  
  83  5:31  Twilight Council  
  83  5:32  Protoss Ground Weapons Level 1 (Chrono Boost)  
  83  5:34  Probe x2  
  85  5:46  Pylon, Probe x2  
  87  5:50  Gateway  
  87  5:52  Gateway  
  87  5:53  Probe  
  88  5:58  Probe  
  90  6:06  Colossus (Chrono Boost), Charge (Chrono Boost)  
  98  6:13  Probe  
  98  6:14  Probe x2  
  98  6:19  Gateway x2  
  98  6:21  Assimilator x2  
  98  6:23  Gateway  
  98  6:24  Gateway  
  98  6:26  Probe  
  98  6:28  Extended Thermal Lance (Chrono Boost)  
  99  6:42  Observer  
  99  6:45  Observer  
  99  6:52  Probe  
  99  6:53  Probe x2  
  108  6:54  Zealot x2  
  108  6:55  Zealot x2  
  108  6:58  Colossus (Chrono Boost), Pylon x2  
  112  7:02  Templar Archives  
  116  7:11  Pylon  
  115  7:19  Zealot x8  
  131  7:23  Forge, Pylon  
  131  7:24  Observer  
  131  7:35  Warp Prism (Chrono Boost)  
  133  7:49  Nexus  
  133  7:54  High Templar x3  
  133  7:55  High Templar, Zealot x4  
  149  7:59  Archon  
  149  8:00  Gravitic Drive, Archon  
  149  8:01  Robotics Facility  
  149  8:04  Observer  
  150  8:21  Zealot x4  
  150  8:24  Pylon  
  150  8:25  Pylon  
  156  8:29  Zealot x3  
  156  8:33  Zealot  
  140  8:48  Zealot  
  140  8:49  Zealot x6  
Tags
 
Add a new tag
Caveats
  • Supply blocks, unpowered buildings, or Contaminate may cause inaccurate times.
  • Supply counts are checked every 10 seconds.